Map: Pillars of Gold LE

Players

Vindicta

  • Race: Terran Terran
  • Spawn Location: 7:00

Semper - Winner!

  • Race: Protoss Protoss
  • Spawn Location: 1:00

Event: DreamHack SC2 Masters 2020 Summer North America

VOD

Have the link to the VOD?

Description

Time

  • Played on: July 1, 2020, 5:27 p.m.
  • Length: 13:50

All games in this series

Show
View Real Time Build Order
Export as new Build Order

Vindicta Terran 

Build Orders: Reaper Expand 

Get SALT Encoding   

  12  0:01  SCV  
  13  0:13  SCV  
  14  0:17  Supply Depot  
  14  0:25  SCV  
  15  0:39  SCV  
  15  0:40  Barracks  
  16  0:44  Refinery  
  16  0:51  SCV  
  17  1:03  SCV  
  18  1:15  SCV  
  19  1:28  Reaper, Orbital Command  
  20  1:47  Command Center  
  20  1:56  SCV, Supply Depot  
  20  2:00  Marine  
  22  2:08  SCV  
  23  2:12  Factory  
  23  2:21  Barracks Reactor  
  23  2:23  Bunker  
  23  2:24  SCV  
  24  2:36  SCV  
  24  2:38  Refinery  
  24  2:48  SCV  
  25  2:56  Hellion  
  25  2:57  Marine x2  
  29  2:58  Starport  
  29  3:00  SCV  
  30  3:09  Orbital Command  
  31  3:12  SCV  
  31  3:15  Marine  
  31  3:16  Marine  
  33  3:21  Widow Mine  
  33  3:25  SCV  
  36  3:33  Supply Depot  
  36  3:35  SCV, Medivac  
  36  3:38  Marine  
  36  3:40  Marine  
  41  3:44  Widow Mine  
  41  3:45  SCV  
  41  3:48  SCV  
  43  3:56  Barracks  
  43  3:58  SCV  
  43  4:00  SCV  
  43  4:01  Marine x2  
  47  4:06  Starport Tech Lab  
  47  4:08  Supply Depot, Factory Tech Lab  
  47  4:13  SCV x2  
  49  4:19  Engineering Bay  
  49  4:22  Marine  
  49  4:23  Marine  
  51  4:26  Refinery  
  51  4:27  Raven  
  51  4:28  SCV  
  51  4:29  SCV  
  55  4:38  Supply Depot  
  55  4:39  Siege Tank  
  55  4:42  Marine x2  
  55  4:43  SCV  
  61  4:45  SCV  
  61  4:49  Barracks Tech Lab  
  62  4:53  Refinery  
  62  4:59  SCV  
  63  5:00  Barracks  
  63  5:04  Marine x2  
  63  5:05  SCV  
  63  5:06  Terran Infantry Weapons Level 1  
  66  5:09  Stimpack  
  66  5:14  SCV  
  66  5:19  Supply Depot, Marauder  
  66  5:20  Supply Depot  
  66  5:21  SCV  
  70  5:27  Starport Reactor, Factory Reactor  
  70  5:41  SCV x2  
  72  5:43  Supply Depot  
  72  5:47  Marauder  
  74  5:50  Marine  
  74  5:54  SCV  
  74  5:56  Marine  
  78  5:59  Combat Shield  
  78  6:00  Marauder  
  77  6:04  Medivac x2  
  77  6:05  Widow Mine  
  77  6:06  Supply Depot, Widow Mine  
  77  6:08  Marauder, Marine  
  77  6:10  Missile Turret  
  88  6:17  SCV  
  89  6:19  Marine  
  89  6:21  Marauder  
  91  6:27  Widow Mine  
  91  6:30  Marauder  
  91  6:34  Liberator  
  91  6:35  Widow Mine  
  91  6:36  Medivac  
  91  6:37  Marine x2  
  100  6:43  Marauder  
  102  6:53  Marine  
  102  6:59  Widow Mine  
  102  7:03  Barracks x2  
  102  7:04  Command Center  
  102  7:09  Supply Depot  
  102  7:15  Marine x2  
  102  7:16  SCV, Marauder, Widow Mine  
  102  7:21  Liberator  
  110  7:25  SCV  
  98  7:31  Marauder  
  98  7:32  SCV  
  98  7:33  Marine x2  
  100  7:37  Marauder, Widow Mine  
  94  7:45  SCV  
  96  7:51  Marine x2  
  96  7:52  Barracks Reactor  
  96  7:53  Marauder  
  96  7:57  SCV  
  96  7:58  SCV, Terran Infantry Armor Level 1  
  101  7:59  Marauder, Marine  
  104  8:06  Medivac  
  104  8:09  Marine x2  
  104  8:10  SCV  
  109  8:14  Marauder  
  113  8:20  Marauder, Ghost Academy  
  113  8:23  Widow Mine  
  113  8:25  SCV  
  117  8:27  Marine  
  110  8:34  Orbital Command  
  110  8:35  SCV  
  110  8:39  Marine  
  110  8:40  Marauder  
  112  8:41  SCV  
  112  8:44  Marauder, Marine  
  112  8:47  SCV, Marine  
  116  8:54  SCV  
  113  8:56  Ghost  
  113  8:59  SCV  
  113  9:00  SCV  
  108  9:06  SCV  
  108  9:10  Refinery  
  108  9:11  SCV, Refinery  
  108  9:12  SCV  
  108  9:15  Ghost  
  108  9:16  Reaper  
  113  9:18  SCV  
  113  9:21  Marine  
  113  9:22  Marauder  
  113  9:23  SCV  
  119  9:24  SCV  
  119  9:27  Marine x2  
  119  9:30  SCV  
  126  9:31  Widow Mine x2  
  126  9:35  SCV  
  126  9:36  SCV, Supply Depot  
  123  9:51  Liberator  
  123  9:52  SCV, Marine  
  122  9:53  Marauder  
  122  9:55  SCV x2  
  122  9:57  Medivac  
  128  10:04  SCV  
  129  10:07  SCV x2  
  129  10:09  Widow Mine  
  129  10:12  Ghost  
  126  10:17  SCV  
  126  10:19  SCV x2  
  129  10:23  Enhanced Shockwaves, Ghost  
  129  10:28  Medivac, Widow Mine  
  119  10:29  SCV  
  119  10:31  SCV  
  118  10:36  Marauder, Marine  
  118  10:37  Marine  
  118  10:39  SCV  
  118  10:41  Marauder  
  118  10:42  SCV  
  123  10:43  SCV  
  123  10:44  Marine  
  120  10:51  SCV  
  120  10:54  SCV  
  120  10:55  SCV, Marine x2  
  121  11:01  Medivac  
  121  11:03  Medivac  
  121  11:04  SCV  
  126  11:05  Marine  
  126  11:08  SCV  
  126  11:10  Marine x2  
  126  11:11  Marine  
  131  11:21  Supply Depot  
  131  11:22  Supply Depot  
  133  11:29  Marauder, Marine  
  133  11:30  Marauder  
  133  11:31  Sensor Tower, Liberator  
  141  11:37  Armory  
  139  11:42  Engineering Bay  
  139  11:44  Supply Depot, Marauder, Marine  
  142  11:50  Ghost  
  142  11:51  SCV  
  142  11:53  Ghost  
  143  11:56  SCV x2  
  143  11:58  Marine  
  143  12:02  Marine  
  143  12:06  Marauder, Marine  
  147  12:16  Marine  
  147  12:19  Marauder  
  147  12:22  Ghost  
  152  12:24  Marine  
  153  12:33  Missile Turret  
  153  12:36  Marine  
  154  12:37  Missile Turret, Marine  
  154  12:40  Marine  
  154  12:43  SCV  
  158  12:46  SCV  
  156  12:54  Marine  
  156  12:57  Widow Mine  
  156  13:01  Marine  
  156  13:05  Marauder  
  155  13:08  SCV, Marine  
  155  13:11  Marine  
  155  13:12  Command Center, Marine x2  
  160  13:17  Medivac  
Show
View Real Time Build Order
Export as new Build Order

Semper Protoss - Winner!

Build Orders: 1 Gate Expand, Blink Stalkers 

Get SALT Encoding   

  12  0:00  Probe  
  13  0:12  Probe  
  14  0:18  Pylon  
  14  0:24  Probe  
  15  0:32  Probe  
  15  0:39  Gateway  
  15  0:40  Probe  
  16  0:48  Assimilator  
  17  0:51  Probe  
  18  1:03  Probe  
  19  1:15  Probe  
  20  1:27  Cybernetics Core  
  20  1:35  Nexus  
  20  1:39  Probe  
  21  1:46  Pylon  
  21  1:52  Probe  
  22  1:54  Adept  
  22  1:55  Assimilator  
  22  2:05  Warp Gate  
  22  2:06  Probe  
  25  2:19  Probe  
  26  2:24  Stalker  
  28  2:31  Probe  
  29  2:37  Twilight Council  
  29  2:40  Probe  
  29  2:43  Probe  
  30  2:48  Probe  
  30  2:49  Blink  
  30  2:51  Probe  
  31  2:55  Stalker  
  31  2:57  Probe  
  35  3:01  Probe  
  37  3:06  Gateway  
  37  3:11  Probe  
  38  3:19  Probe  
  39  3:23  Probe  
  40  3:31  Probe  
  41  3:34  Pylon  
  41  3:36  Probe  
  42  3:42  Robotics Facility  
  42  3:43  Probe  
  42  3:48  Probe  
  44  3:52  Assimilator  
  44  3:55  Probe  
  44  4:00  Probe  
  46  4:03  Sentry  
  46  4:06  Nexus  
  46  4:08  Probe  
  49  4:12  Probe  
  49  4:14  Pylon  
  49  4:15  Phoenix  
  49  4:16  Stalker  
  52  4:20  Probe  
  53  4:27  Probe  
  53  4:28  Pylon  
  54  4:33  Stalker, Observer  
  54  4:38  Probe  
  58  4:39  Probe  
  59  4:47  Pylon  
  59  4:50  Probe  
  59  4:51  Stalker  
  62  4:55  Probe  
  62  4:56  Observer  
  62  4:57  Charge  
  64  5:03  Probe, Pylon  
  63  5:07  Probe  
  63  5:08  Forge  
  63  5:12  Zealot  
  66  5:18  Observer  
  66  5:19  Probe x2  
  69  5:24  Gateway  
  69  5:25  Gateway  
  69  5:27  Stalker  
  71  5:31  Probe  
  71  5:32  Protoss Ground Armor Level 1  
  71  5:44  Probe  
  72  5:51  Stalker x2  
  72  5:54  Probe, Observer  
  76  5:57  Probe  
  77  6:05  Shield Battery, Gateway  
  77  6:09  Gateway  
  77  6:12  Probe x2  
  77  6:16  Gateway  
  79  6:18  Zealot x3  
  79  6:19  Gateway  
  79  6:21  Pylon  
  79  6:24  Pylon  
  79  6:25  Probe x2  
  87  6:26  Pylon  
  87  6:34  Zealot  
  87  6:37  Pylon  
  87  6:38  Probe x2  
  91  6:41  Zealot x3  
  91  6:44  Pylon  
  97  6:50  Probe, Immortal  
  98  6:58  Zealot  
  98  6:59  Shield Battery  
  104  7:04  Pylon  
  104  7:05  Zealot x4  
  104  7:07  Sentry  
  114  7:14  Pylon  
  114  7:25  Warp Prism  
  114  7:29  Zealot x2  
  108  7:30  Zealot x6  
  108  7:35  Observer  
  122  7:37  Probe x2  
  122  7:40  Protoss Ground Armor Level 2  
  118  7:58  Stalker  
  118  7:59  Stalker x3, Nexus  
  118  8:00  Pylon  
  124  8:09  Probe x2  
  126  8:15  Pylon  
  126  8:20  Immortal  
  124  8:31  Probe x2  
  122  8:44  Zealot  
  122  8:45  Stalker x3, Zealot x4  
  132  8:50  Probe  
  132  8:52  Probe  
  132  8:55  Robotics Bay  
  134  8:56  Probe, Robotics Facility  
  134  8:57  Forge  
  134  9:02  Probe  
  136  9:04  Probe  
  136  9:08  Probe  
  134  9:10  Pylon  
  134  9:11  Immortal, Photon Cannon  
  134  9:12  Shield Battery, Photon Cannon  
  134  9:14  Probe x2, Assimilator x2  
  136  9:19  Assimilator  
  140  9:31  Zealot x5  
  146  9:36  Probe x3, Shield Battery  
  151  9:38  Disruptor  
  151  9:42  Zealot x3  
  151  9:45  Observer  
  155  9:48  Disruptor  
  152  9:56  Zealot x5  
  157  10:04  Probe x2  
  157  10:08  Zealot x3  
  157  10:09  Pylon  
  155  10:16  Disruptor  
  155  10:19  Protoss Ground Weapons Level 1  
  156  10:27  Protoss Ground Armor Level 3  
  154  10:31  Disruptor  
  154  10:35  Zealot x8  
  167  10:38  Probe  
  167  10:39  Assimilator x2  
  167  10:41  Gateway  
  168  10:51  Probe  
  168  10:53  Probe x3  
  168  10:56  Warp Prism  
  164  11:02  Pylon  
  164  11:03  Probe  
  165  11:10  Pylon  
  167  11:12  Zealot x2  
  167  11:13  Zealot x3  
  177  11:23  Pylon  
  177  11:27  Photon Cannon  
  177  11:28  Zealot x3  
  177  11:29  Colossus x2  
  177  11:30  Extended Thermal Lance  
  181  11:32  Dark Shrine  
  181  11:34  Probe x4  
  186  11:49  Probe x2  
  186  11:54  Observer  
  178  12:01  Zealot x8  
  178  12:06  Probe  
  178  12:07  Assimilator  
  193  12:11  Nexus  
  191  12:40  Probe  
  191  12:41  Probe x2  
  191  12:43  Pylon, Zealot  
  191  12:44  Zealot x2  
  200  12:45  Pylon  
  200  12:50  Templar Archives  
  192  13:02  Dark Templar x2  
  196  13:12  Gateway  
  196  13:15  Gateway  
  196  13:17  Gateway  
  190  13:36  Zealot x5  
  190  13:37  Zealot x4  
Tags
 
Add a new tag
Caveats
  • Supply blocks, unpowered buildings, or Contaminate may cause inaccurate times.
  • Supply counts are checked every 10 seconds.